 Dungeon Crawl Stone Soup version 0.16.1-30-g34a7ffa (webtiles) character file.

3717 karol the Bludgeoner (level 9, -1/106 HPs)
             Began as a Minotaur Berserker on June 30, 2015.
             Was a High Priest of Trog.
             Slain by an orc warrior
             ... wielding a +0 hand axe
              (10 damage)
             ... on level 9 of the Dungeon.
             The game lasted 00:36:09 (8442 turns).

karol the Bludgeoner (Minotaur Berserker)           Turns: 8442, Time: 00:36:09

Health: -1/106     AC: 16    Str: 30    XL:     9   Next: 92%
Magic:  4/4        EV:  8    Int:  9    God:    Trog [*****.]
Gold:   315        SH:  0    Dex: 10    Spells: 0 memorised, 8 levels left

rFire  . . .     SeeInvis .     y - +0 mace
rCold  . . .     Clarity  .     C - +0 plate armour
rNeg   . . .     SustAb   .     (no shield)
rPois  +         Gourm    .     (helmet restricted)
rElec  .         Spirit   .     D - +2 cloak {rPois}
rCorr  .         Warding  .     (no gloves)
rMut   .         Stasis   .     (no boots)
MR     .....                    r - amulet of regeneration (curse)
Stlth  ..........               (no ring)
                                l - +5 ring of intelligence

@: berserking, very quick, not resistant to hostile enchantments, extremely
unstealthy
A: retaliatory headbutt, horns 2
a: Burn Spellbooks, Berserk, Trog's Hand, Brothers in Arms, Renounce Religion


You were on level 9 of the Dungeon.
You worshipped Trog.
Trog was extremely pleased with you.
You were very hungry.

You visited 2 branches of the dungeon, and saw 10 of its levels.

You collected 315 gold pieces.

Inventory:

Hand weapons
 y - a +0 mace (weapon)
Missiles
 e - 55 stones (quivered)
Armour
 C - a +0 plate armour (worn)
 D - a +2 cloak of poison resistance (worn)
Jewellery
 l - a +5 ring of intelligence (left hand)
 r - a cursed amulet of regeneration (around neck)
Magical devices
 t - a wand of slowing (24)
Scrolls
 b - 4 scrolls of teleportation
 f - 3 scrolls of enchant armour
 h - 7 scrolls of identify
 i - a scroll of recharging {unknown}
 j - 3 scrolls of remove curse
 k - 3 scrolls of fog {unknown}
 m - 3 scrolls of random uselessness {unknown}
 s - a scroll of immolation {unknown}
 z - a scroll of amnesia {unknown}
Potions
 d - 6 potions of curing {unknown}
 n - 2 potions of brilliance {unknown}
 o - a potion of might {unknown}
 p - 2 potions of restore abilities {unknown}
 q - a potion of resistance {unknown}
 u - a potion of lignification {unknown}
 v - a potion of degeneration {unknown}
 w - a potion of agility
 x - a potion of heal wounds {unknown}
 A - a potion of poison {unknown}
 B - a potion of haste {unknown}
 E - a potion of flight {unknown}
Books
 g - a book of Flames

   Spells                             Type                      Level
   a - Flame Tongue                   Conjuration/Fire             1
   b - Throw Flame                    Conjuration/Fire             2
   c - Conjure Flame                  Conjuration/Fire             3
   d - Inner Flame                    Hexes/Fire                   3
   e - Sticky Flame                   Conjuration/Fire             4
   f - Fireball                       Conjuration/Fire             5
   Trog disapproves of the use of such an item.
 H - a Necronomicon {highlevel, unknown}

   This book is beyond your current level of understanding.

   Spells                             Type                      Level
   a - Haunt                          Necromancy/Summoning         7
   b - Borgnjor's Revivification      Necromancy                   8
   c - Death's Door                   Charms/Necromancy            8
   d - Necromutation                  Transmutation/Necromancy     8
   Trog disapproves of the use of such an item.
 I - a book of Hinderance

   Spells                             Type                      Level
   a - Confusing Touch                Hexes                        2
   b - Confuse                        Hexes                        3
   c - Petrify                        Transmutation/Earth          4
   d - Metabolic Englaciation         Hexes/Ice                    5
   e - Gell's Gravitas                Hexes/Translocation          5
   f - Summon Mana Viper              Hexes/Summoning              5
   Trog disapproves of the use of such an item.
Comestibles
 a - 3 meat rations
 c - 5 bread rations
 G - 7 slices of pizza


   Skills:
 - Level 4.1 Fighting
 - Level 15.0 Maces & Flails
 + Level 7.2 Armour
 - Level 2.1 Dodging


You had 8 spell levels left.
You didn't know any spells.

Dungeon Overview and Level Annotations

Branches:
Dungeon (9/15)             Temple (1/1) D:5
   Lair: D:8-11         Orc: D:9-12

Altars:
Ashenzari
Cheibriados
Dithmenos
Elyvilon
Fedhas
Gozag
Kikubaaqudgha
Makhleb
Nemelex Xobeh
Okawaru
Qazlal
Ru
Sif Muna
Trog
Vehumet
Xom
Yredelemnul
Zin
The Shining One

Shops:
D:4 *   D:5 (   D:7 *


Innate Abilities, Weirdness & Mutations

You reflexively headbutt those who attack you in melee.
You have a pair of horns on your head.


Message History

You hit the orc warrior.
You headbutt the orc warrior, but do no damage.
The orc warrior is lightly wounded.
The orc priest mumbles some strange prayers to Beogh.
You feel a wave of unholy energy pass over you.
The orc warrior barely misses you. You furiously retaliate!
You headbutt the orc warrior!
The orc warrior hits you with a dire flail!
* * * LOW HITPOINT WARNING * * *
The orc warrior barely misses you.
You closely miss the orc warrior.
The orc warrior is almost dead.
The orc hits you but does no damage.
You closely miss the orc warrior. You headbutt the orc warrior.
You kill the orc warrior!
Trog accepts your kill.
The orc warrior hits you with a war axe!
* * * LOW HITPOINT WARNING * * *
The orc warrior hits you with a hand axe!
You die...

#.#.# #.#.#..##......#..#......
#.#.###.#.#..##.....[...#.#####
#.#.#...#.#..##........##.#
#.#.....#.#..####+###.....###
#.....#.#.#..# #>..........##
#######.#.#..####.....#####..#
#......#.#...(o†.###### ##.#
#.######.#.##))o......# ###
#.######+#.##@or.o....#
#.#........##...o.....8o
#.#........##.........'.
#.#........##^..[.....8
#..........##########.
###........### ####.......#
#.###.#+#### #..........#####


You could see 2 orc warriors, an orc priest, 2 orcs and a rat.

Vanquished Creatures
  The ghost of Thomus the Magician, an experienced DEFE of Vehumet (D:6)
  A hippogriff (D:8)
  A human (D:7)
  Eustachio (D:7)
  A hog (D:7)
  Menkaure (D:7)
  3 orc warriors (D:9)
  A black bear (D:9)
  2 ice beasts (D:7)
  An ogre (D:7)
  A phantom (D:9)
  The ghost of Sirial the Insei, an average DrTm of Qazlal (D:3)
  3 centaurs
  2 giant frogs (D:8)
  A gnoll sergeant (D:8)
  3 scorpions
  5 wights (D:8)
  2 crimson imps (D:7)
  A hound (D:2)
  A quasit (D:5)
  4 jellies
  5 orc priests
  2 orc wizards
  Crazy Yiuf (D:7)
  A giant frog skeleton (D:4)
  A goliath beetle (D:8)
  A centaur skeleton (D:8)
  4 iguanas
  3 sheep (D:7)
  A hound skeleton (D:7)
  A worker ant zombie (D:8)
  9 gnolls (D:8)
  A giant mite (D:3)
  10 adders
  2 worms (D:2)
  An adder zombie (D:8)
  16 orcs
  17 bats
  A bat zombie (D:8)
  3 giant cockroaches
  13 hobgoblins
  4 jackals (D:4)
  4 quokkas
  2 ball pythons
  6 giant geckos
  2 giant gecko skeletons
  7 giant newts
  16 goblins
  14 kobolds
  11 rats
  4 ballistomycetes (D:7)
200 creatures vanquished.

Vanquished Creatures (others)
  An orc priest (D:6)
  3 orcs (D:6)
  A giant spore (D:7)
  A quokka (D:6)
6 creatures vanquished.

Grand Total: 206 creatures vanquished

Notes
Turn   | Place    | Note
--------------------------------------------------------------
     0 | D:1      | karol, the Minotaur Berserker, began the quest for the Orb.
     0 | D:1      | Reached XP level 1. HP: 19/19 MP: 1/1
   331 | D:1      | Reached skill level 4 in Fighting
   361 | D:1      | Reached XP level 2. HP: 27/27 MP: 1/1
   669 | D:1      | Acquired Trog's second power
  1189 | D:2      | Found a burning altar of Makhleb.
  1189 | D:2      | Noticed a hound
  1196 | D:2      | Killed a hound
  1196 | D:2      | Reached skill level 5 in Maces & Flails
  1196 | D:2      | Reached XP level 3. HP: 12/33 MP: 2/2
  1435 | D:2      | Reached XP level 4. HP: 35/40 MP: 2/2
  1644 | D:3      | Noticed Sirial's ghost (average DrTm)
  1939 | D:2      | Reached skill level 6 in Maces & Flails
  2115 | D:2      | Found a white marble altar of Elyvilon.
  2376 | D:3      | Reached XP level 5. HP: 37/46 MP: 2/2
  2637 | D:3      | Found a sacrificial altar of Ru.
  2791 | D:3      | Killed Sirial's ghost
  2791 | D:3      | Reached skill level 7 in Maces & Flails
  3123 | D:4      | Reached XP level 6. HP: 35/52 MP: 3/3
  3264 | D:4      | Reached skill level 8 in Maces & Flails
  3481 | D:4      | Found Gozag's Platinum Reserve.
  3487 | D:4      | Found an opulent altar of Gozag.
  3594 | D:4      | Acquired Trog's third power
  3667 | D:4      | Found a basalt altar of Yredelemnul.
  3805 | D:5      | Entered Level 5 of the Dungeon
  3970 | D:5      | Found Kuas' Weapon Boutique.
  4153 | D:5      | Found a staircase to the Ecumenical Temple.
  4168 | Temple   | Entered the Ecumenical Temple
  4563 | D:5      | Reached skill level 9 in Maces & Flails
  4942 | D:6      | Noticed Thomus' ghost (experienced DEFE)
  4952 | D:6      | Killed Thomus' ghost
  4952 | D:6      | Reached skill level 10 in Maces & Flails
  4952 | D:6      | Reached XP level 7. HP: 59/59 MP: 3/3
  5231 | D:6      | Found an ancient bone altar of Kikubaaqudgha.
  5289 | D:6      | Reached skill level 11 in Maces & Flails
  5787 | D:7      | Reached XP level 8. HP: 26/66 MP: 3/3
  5904 | D:7      | Noticed Crazy Yiuf
  5915 | D:7      | Killed Crazy Yiuf
  6025 | D:7      | Found a stormy altar of Qazlal.
  6034 | D:7      | Noticed Menkaure
  6043 | D:7      | Found Ocaugg's Assorted Antiques.
  6156 | D:7      | Killed Menkaure
  6156 | D:7      | Reached skill level 12 in Maces & Flails
  6398 | D:7      | Noticed Eustachio
  6430 | D:7      | Killed Eustachio
  6521 | D:7      | Noticed a human
  6523 | D:7      | Noticed a hog
  6536 | D:7      | Killed a human
  6536 | D:7      | Reached skill level 13 in Maces & Flails
  6538 | D:7      | Killed a hog
  6609 | D:7      | Reached XP level 9. HP: 60/71 MP: 4/4
  6891 | D:8      | Reached skill level 14 in Maces & Flails
  6953 | D:8      | Found a glowing golden altar of the Shining One.
  7335 | D:8      | Reached skill level 15 in Maces & Flails
  8027 | D:9      | Reached skill level 5 in Armour
  8442 | D:9      | Slain by an orc warrior

Action                   |  1- 3 |  4- 6 |  7- 9 || total
-------------------------+-------+-------+-------++-------
Melee: Mace              |    54 |   180 |   363 ||   597
Throw: Stone             |     8 |    39 |       ||    47
Invok: Berserk           |       |     3 |     5 ||     8
       Burn Spellbooks   |       |       |     1 ||     1
  Use: Scroll            |       |     4 |     1 ||     5
  Eat: Chunk             |     2 |     8 |     5 ||    15
       Fruit             |       |     4 |     6 ||    10
       Beef jerky        |       |     1 |     2 ||     3
       Bread ration      |       |       |     1 ||     1
